[ AOE2 MATCH · #505437677 ]
UnrankedBritons vs Bengalis
Player's team · LOSS
Rival team · WIN
[ REPLAY ANALYSIS · EXTRACTED FROM THE RECORDED GAME ]
Feudal
8:50
Castle
—
Imperial
—
| APM avg | 74.0 |
| APM peak | 114 |
| eAPM avg | 31.7 |
| Villagers / military | 33 / 5 |
Focus
⚔️ 51.1% · 🌾 48.9%
Scout Cavalry ×4 · Spearman ×1
Feudal
11:28
Castle
15:37
Imperial
—
| APM avg | 43.2 |
| APM peak | 107 |
| eAPM avg | 19.7 |
| Villagers / military | 25 / 0 |
Focus
⚔️ 36.6% · 🌾 63.4%
Match map
Initial resources + every placement click. Lines = walls · curves = elevation contours. ◆ gold · ⬟ stone · ● berries · ✦ relic · ◌ wall gap
Your base· Open — unwalled flank
JeanLuc Petard's base· Open — 10t gap
Smoothed initial terrain · ◌ = detected wall gap · hover for details
Inputs per minute
— ReginLeif - - JeanLuc Petard
Build order — ReginLeif
85 actions detected in the replay
| 0:00 | Queue | Villager (Male) |
| 0:01 | Queue | Villager (Male) |
| 0:01 | Build | House |
| 0:02 | Build | House |
| 0:11 | Queue | Villager (Male) |
| 0:13 | Queue | Villager (Male) |
| 1:23 | Queue | Villager (Male) |
| 1:23 | Queue | Villager (Male) |
| 1:32 | Build | Lumber Camp |
| 1:52 | Queue | Villager (Male) |
| 2:10 | Queue | Villager (Male) |
| 2:39 | Queue | Villager (Male) |
| 3:04 | Queue | Villager (Male) |
| 3:11 | Queue | Villager (Male) |
| 3:33 | Queue | Villager (Male) |
| 3:49 | Build | House |
| 4:06 | Queue | Villager (Male) |
| 4:11 | Build | House |
| 4:45 | Build | Mill |
| 4:54 | Queue | Villager (Male) |
| 5:09 | Queue | Villager (Male) |
| 5:18 | Queue | Villager (Male) |
| 6:07 | Queue | Villager (Male) |
| 6:33 | Research | Feudal Age |
| 7:37 | Queue | Villager (Male) |
| 8:00 | Build | Barracks |
| 8:23 | Build | House |
| 8:24 | Build | Palisade Wall |
| 8:50 | Age | Feudal Age |
| 8:54 | Queue | Villager (Male) |
| 8:56 | Build | Stable |
| 9:01 | Queue | Spearman |
| 9:06 | Research | Double-Bit Axe |
| 9:06 | Research | Double-Bit Axe |
| 9:30 | Queue | Villager (Male) |
| 9:32 | Queue | Scout Cavalry |
| 9:32 | Queue | Scout Cavalry |
| 9:53 | Queue | Villager (Male) |
| 10:08 | Queue | Scout Cavalry |
| 10:21 | Queue | Scout Cavalry |
| 10:21 | Queue | Villager (Male) |
| 10:38 | Build | Mining Camp |
| 10:58 | Queue | Villager (Male) |
| 11:02 | Queue | Villager (Male) |
| 11:12 | Build | House |
| 12:03 | Build | Watch Tower |
| 12:07 | Build | Watch Tower |
| 12:10 | Queue | Villager (Male) |
| 12:13 | Research | Horse Collar |
| 12:27 | Build | House |
| 12:54 | Build | Watch Tower |
| 13:25 | Queue | Villager (Male) |
| 13:26 | Build | Market |
| 13:31 | Build | Farm |
| 13:31 | Build | Farm |
| 13:33 | Build | Farm |
| 13:34 | Queue | Villager (Male) |
| 13:39 | Build | Palisade Wall |
| 13:40 | Build | Palisade Wall |
| 13:40 | Build | Palisade Wall |
| 13:41 | Build | Palisade Wall |
| 14:02 | Queue | Villager (Male) |
| 14:02 | Queue | Villager (Male) |
| 14:04 | Build | Farm |
| 14:34 | Build | Watch Tower |
| 14:35 | Build | Palisade Wall |
| 14:35 | Build | Palisade Wall |
| 14:36 | Build | Palisade Wall |
| 14:36 | Build | Palisade Wall |
| 14:37 | Build | Palisade Wall |
| 14:52 | Queue | Villager (Male) |
| 14:53 | Queue | Villager (Male) |
| 14:54 | Build | Farm |
| 14:54 | Build | Farm |
| 14:56 | Build | Farm |
| 15:01 | Build | House |
| 15:07 | Build | Blacksmith |
| 15:08 | Build | House |
| 15:24 | Build | Farm |
| 15:27 | Research | Loom |
| 15:32 | Build | House |
| 15:43 | Build | House |
| 15:44 | Queue | Villager (Male) |
| 15:46 | Build | Farm |
| 15:46 | Queue | Villager (Male) |
Build order — JeanLuc Petard
66 actions detected in the replay
| 0:01 | Queue | Villager (Male) |
| 0:01 | Queue | Villager (Male) |
| 0:02 | Build | House |
| 0:04 | Build | House |
| 0:47 | Queue | Villager (Male) |
| 0:47 | Queue | Villager (Male) |
| 0:47 | Queue | Villager (Male) |
| 1:38 | Queue | Villager (Male) |
| 1:53 | Queue | Villager (Male) |
| 1:54 | Queue | Villager (Male) |
| 2:21 | Queue | Villager (Male) |
| 2:29 | Queue | Villager (Male) |
| 2:31 | Build | Lumber Camp |
| 2:52 | Queue | Villager (Male) |
| 2:52 | Queue | Villager (Male) |
| 3:01 | Build | House |
| 3:04 | Build | Palisade Wall |
| 3:08 | Build | House |
| 3:10 | Build | Palisade Wall |
| 3:13 | Build | Palisade Wall |
| 3:18 | Build | Palisade Wall |
| 3:39 | Queue | Villager (Male) |
| 3:56 | Queue | Villager (Male) |
| 4:10 | Queue | Villager (Male) |
| 4:54 | Build | Palisade Wall |
| 5:00 | Queue | Villager (Male) |
| 5:00 | Queue | Villager (Male) |
| 5:00 | Queue | Villager (Male) |
| 5:22 | Build | Mill |
| 5:39 | Queue | Villager (Male) |
| 5:55 | Build | Palisade Wall |
| 5:57 | Build | Palisade Wall |
| 6:18 | Queue | Villager (Male) |
| 6:34 | Research | Loom |
| 6:54 | Build | Mining Camp |
| 7:03 | Build | Palisade Wall |
| 7:09 | Queue | Villager (Male) |
| 7:09 | Queue | Villager (Male) |
| 7:50 | Build | Palisade Wall |
| 7:52 | Build | Palisade Wall |
| 7:58 | Queue | Villager (Male) |
| 8:22 | Queue | Villager (Male) |
| 8:40 | Queue | Villager (Male) |
| 9:18 | Research | Feudal Age |
| 9:24 | Build | Palisade Wall |
| 9:31 | Build | Palisade Wall |
| 10:02 | Build | Palisade Wall |
| 10:18 | Build | Palisade Wall |
| 10:31 | Build | Farm |
| 11:28 | Age | Feudal Age |
| 11:45 | Build | Market |
| 11:51 | Build | Palisade Wall |
| 11:53 | Build | Palisade Wall |
| 12:14 | Build | Blacksmith |
| 12:57 | Research | Castle Age |
| 13:23 | Build | Palisade Wall |
| 13:26 | Build | Palisade Wall |
| 13:28 | Build | Palisade Wall |
| 13:30 | Build | Palisade Wall |
| 13:31 | Build | Palisade Wall |
| 13:32 | Build | Palisade Wall |
| 13:39 | Build | Palisade Gate |
| 14:31 | Build | Farm |
| 15:14 | Build | Farm |
| 15:37 | Age | Castle Age |
| 15:44 | Build | Castle |
Match timeline
| 3:04 | JeanLuc Petard · wall_segment Palisade Wall x2 |
| 3:10 | JeanLuc Petard · wall_segment Palisade Wall x3 |
| 3:13 | JeanLuc Petard · wall_segment Palisade Wall x4 |
| 3:18 | JeanLuc Petard · wall_segment Palisade Wall x10 |
| 4:54 | JeanLuc Petard · wall_segment Palisade Wall x1 |
| 5:55 | JeanLuc Petard · wall_segment Palisade Wall x1 |
| 5:57 | JeanLuc Petard · wall_segment Palisade Wall x1 |
| 7:03 | JeanLuc Petard · wall_segment Palisade Wall x1 |
| 7:50 | JeanLuc Petard · wall_segment Palisade Wall x1 |
| 7:52 | JeanLuc Petard · wall_segment Palisade Wall x1 |
| 8:00 | ReginLeif · first_building Barracks |
| 8:24 | ReginLeif · wall_segment Palisade Wall x1 |
| 8:50 | ReginLeif · age_up feudal |
| 8:56 | ReginLeif · first_building Stable |
| 9:24 | JeanLuc Petard · wall_segment Palisade Wall x3 |
| 9:31 | JeanLuc Petard · wall_segment Palisade Wall x7 |
| 10:02 | JeanLuc Petard · wall_segment Palisade Wall x3 |
| 10:18 | JeanLuc Petard · wall_segment Palisade Wall x1 |
| 11:28 | JeanLuc Petard · age_up feudal |
| 11:51 | JeanLuc Petard · wall_segment Palisade Wall x1 |
| 11:53 | JeanLuc Petard · wall_segment Palisade Wall x1 |
| 12:50 | JeanLuc Petard · first_market_sell 100 wood |
| 13:23 | JeanLuc Petard · wall_segment Palisade Wall x1 |
| 13:26 | JeanLuc Petard · wall_segment Palisade Wall x1 |
| 13:28 | JeanLuc Petard · wall_segment Palisade Wall x1 |
| 13:30 | JeanLuc Petard · wall_segment Palisade Wall x1 |
| 13:31 | JeanLuc Petard · wall_segment Palisade Wall x1 |
| 13:32 | JeanLuc Petard · wall_segment Palisade Wall x1 |
| 13:39 | ReginLeif · wall_segment Palisade Wall x1 |
| 13:40 | ReginLeif · wall_segment Palisade Wall x1 |
| 13:40 | ReginLeif · wall_segment Palisade Wall x1 |
| 13:41 | ReginLeif · wall_segment Palisade Wall x1 |
| 14:35 | ReginLeif · wall_segment Palisade Wall x1 |
| 14:35 | ReginLeif · wall_segment Palisade Wall x1 |
| 14:36 | ReginLeif · wall_segment Palisade Wall x1 |
| 14:36 | ReginLeif · wall_segment Palisade Wall x1 |
| 14:37 | ReginLeif · wall_segment Palisade Wall x1 |
| 15:37 | JeanLuc Petard · age_up castle |
| 15:44 | JeanLuc Petard · first_building Castle |
| 15:55 | ReginLeif · resign |
[ AI ANALYSIS · 1 CREDIT ]
What really happened in this match?
Wolo.gg analyzes every decision: build order, eco, micro, common mistakes by bracket. Personalized analysis on WhatsApp or Discord in 30 seconds.
Civ guide
Britons
Perfil
Jugador #4292746